 Dungeon Crawl Stone Soup version 0.26-a0-149-g49b1be5409 (webtiles) character file.

Game seed: 13261430077474491479

480 Gargoyl the Skirmisher (level 6, -4/46 HPs)
             Began as a Centaur Abyssal Knight on June 30, 2020.
             Was a Believer of Lugonu.
             Slain by a wight
             ... wielding a +0 spear
              (7 damage)
             ... on level 5 of the Dungeon.
             The game lasted 00:03:58 (4344 turns).

Gargoyl the Skirmisher (Centaur Abyssal Knight)     Turns: 4344, Time: 00:03:58

Health: -4/46      AC:  8    Str: 15    XL:     6   Next: 86%
Magic:  8/8        EV:  3    Int:  9    God:    Lugonu [**....]
Gold:   244        SH:  3    Dex: 10    Spells: 5/5 levels left

rFire    . . .     SeeInvis .   a - +3 hand axe
rCold    . . .     Faith    .   d - +0 buckler
rNeg     . . .     Spirit   .   h - +0 chain mail
rPois    +         Reflect  .   g - +0 helmet
rElec    .         Harm     .   m - scarf {+Inv}
rCorr    .                      (no gloves)
MR       .....                  (no barding)
Stlth    ..........             (no amulet)
HPRegen  0.15/turn              (no ring)
MPRegen  0.11/turn              (no ring)

@: drained, very quick
A: large, hooves 3, deformed body, dopey 1, speed 2, frail 1, sense surroundings
1, poison resistance, tough skin 3
a: Depart the Abyss, Bend Space, Renounce Religion, Evoke Invisibility


You were on level 5 of the Dungeon.
You worshipped Lugonu.
Lugonu was pleased with you.
You were hungry.

You visited 1 branch of the dungeon, and saw 5 of its levels.
You visited the Abyss 1 time.

You collected 244 gold pieces.

Inventory:

Hand Weapons
 a - a +3 hand axe (weapon)
Missiles
 b - 7 javelins (quivered)
Armour
 d - a +0 buckler (worn)
 g - a +0 helmet (worn)
 h - a +0 chain mail (worn)
 m - a scarf of invisibility (worn)
Wands
 f - a wand of disintegration (14)
Scrolls
 e - 2 scrolls of identify
 n - 2 scrolls of teleportation
 p - 3 scrolls of amnesia {unknown}
 r - 2 scrolls of remove curse {unknown}
 s - a scroll of enchant armour {unknown}
Potions
 i - a potion of brilliance {unknown}
 j - 4 potions of curing
 k - a potion of stabbing
 l - 2 potions of degeneration {unknown}
 o - a potion of magic {unknown}
 q - 2 potions of lignification {unknown}
Comestibles
 c - 11 rations


   Skills:
 + Level 3.9(2.8) Fighting
 + Level 3.5(2.4) Axes
 + Level 0.2(0.0) Throwing
 * Level 3.3(2.3) Armour
 + Level 1.5(0.6) Dodging
 * Level 1.3(0.3) Shields
 * Level 3.4(2.4) Invocations


You had 5 spell levels left.
You didn't know any spells.
Your spell library was empty.

Dungeon Overview and Level Annotations

Branches:
Dungeon (5/15)             Temple (0/1) D:4

Altars:
Elyvilon
Okawaru
Trog
Yredelemnul

Annotations:
D:3 3 runed translucent doors, Gargoyl's ghost, amateur CeAK


Innate Abilities, Weirdness & Mutations

You have hooves in place of feet.
Armour fits poorly on your strangely shaped body.
You cover ground very quickly.
You have extremely tough skin. (AC +3)
You are dopey. (Int -2)
You are frail. (-10% HP)
You passively map a small area around you.
Your system is resistant to poisons. (rPois)


Message History

Unknown command.
You barely miss the wight.
The wight is severely damaged.
The wight hits you but does no damage.
The wight hits you with a +0 great sword.
You feel drained.
The wight hits you from afar with a +0 spear.
Unknown command.
A centaur comes into view.
The wight hits you but does no damage.
Unknown command.
You closely miss the wight. You hit the wight but do no damage.
The wight hits you with a +0 spear.
The wight hits you with a +0 great sword!
* * * LOW HITPOINT WARNING * * *
You feel drained.
* * * LOW HITPOINT WARNING * * *
You hit the wight but do no damage. You kick the wight, but do no damage.
You hit the wight. The wight hits you with a +0 spear!
You die...

, , * ,, ,. * , *
* *#.# * , ,
##.#.,,* * .....*
* * ,*#.... ****
*.#....#####
........z.####.# ,
* #..c.z@<......#
, ,
,,.[!...#...######
, .#.##,#...# , *
#...# **,#...#
....# , * #..... ,
* ..#..## ,, , ,
,*


You could see a centaur and 2 wights.

Vanquished Creatures
  An ogre (D:4)
  A phantom (D:4)
  A wight (D:4)
  A crimson imp (D:2)
  A centaur skeleton (D:4)
  A bullfrog skeleton (D:4)
  3 worker ants
  3 adders
  An ooze (D:2)
  4 worms
  2 dart slugs (D:2)
  An orc (D:4)
  A ball python (D:1)
  2 giant cockroaches
  6 hobgoblins
  2 jackals (D:2)
  5 kobolds
  A quokka (D:2)
  7 bats
  3 frilled lizards
  5 goblins
  A jackal skeleton (D:4)
  14 rats
67 creatures vanquished.

Notes
Turn   | Place    | Note
-------+----------+-------------------------------------------
     0 | Abyss:1  | Gargoyl the Centaur Abyssal Knight began the quest for the
                  | Orb.
     0 | Abyss:1  | Reached XP level 1. HP: 19/19 MP: 2/2
    43 | Abyss:1  | Noticed an ancient zyme
    43 | Abyss:1  | Noticed a starcursed mass
    47 | D:1      | Escaped the Abyss
   463 | D:1      | Reached * piety under Lugonu
   472 | D:1      | Reached XP level 2. HP: 19/26 MP: 3/3
   627 | D:1      | Reached skill level 1 in Dodging
  1546 | D:2      | Reached XP level 3. HP: 31/31 MP: 4/4
  1834 | D:2      | Reached XP level 4. HP: 38/38 MP: 5/5
  2504 | D:3      | Gained mutation: You are frail. (-10% HP) [potion of
                  | mutation]
  2504 | D:3      | Gained mutation: You passively map a small area around you.
                  | [potion of mutation]
  2504 | D:3      | Gained mutation: You are dopey. (Int -2) [potion of
                  | mutation]
  2504 | D:3      | Gained mutation: Your system is resistant to poisons.
                  | (rPois) [potion of mutation]
  2566 | D:3      | Found an iron altar of Okawaru.
  2623 | D:3      | Found a faded altar of an unknown god.
  2710 | D:3      | Found a runed translucent gate.
  2710 | D:3      | Found a runed translucent gate.
  2710 | D:3      | Found a runed translucent gate.
  2710 | D:3      | Noticed Gargoyl's ghost (amateur CeAK)
  2761 | D:3      | Found a white marble altar of Elyvilon.
  2833 | D:3      | Reached ** piety under Lugonu
  3067 | D:4      | Noticed an ogre
  3140 | D:4      | Killed an ogre
  3140 | D:4      | Reached XP level 5. HP: 18/41 MP: 7/7
  3339 | D:4      | Noticed a phantom
  3370 | D:4      | Killed a phantom
  3370 | D:4      | Reached skill level 1 in Shields
  3370 | D:4      | Reached XP level 6. HP: 29/46 MP: 8/8
  3525 | D:4      | Found a basalt altar of Yredelemnul.
  3833 | D:4      | Noticed a moth of wrath
  3835 | D:4      | Found a bloodstained altar of Trog.
  4082 | D:4      | Found a staircase to the Ecumenical Temple.
  4189 | D:5      | Entered Level 5 of the Dungeon
  4343 | D:5      | HP: 2/46 [wight/+0 great sword (2)]
  4344 | D:5      | Slain by a wight

Illustrated notes

Levels and vault maps discovered:
D:1:      roderic_chinese_lattice_arrival, layout_basic, columned_hall_lemuel
D:2:      layout_basic, minmay_close_crescents
D:3:      layout_loops_cross, nicolae_overflow_crystal_walls,
          okawaru_metal_pillars_1_2, ebering_ghost_rock_garden,
          chequers_ecumenical_altar_simple_redux, first_ration
D:4:      layout_rooms, tgw_trog, lemuel_temple_firewalk_a,
          yredelemnul_altar_generic
D:5:      layout_loops_ring, serial_shops, kennysheep_little_box

Skill      XL: |  1  2  3  4  5 |
---------------+----------------+-----
Dodging        | 1 |  1.5
Axes           | 2 3 |  3.5
Armour         | 2 3 |  3.3
Invocations    | 3 |  3.4
Shields        | 1 |  1.3
Fighting       | |  3.9
Throwing       | |  0.2

Action                   |  1- 3 |  4- 6 || total
-------------------------+-------+-------++-------
Melee: Hand axe          |    89 |   120 ||   209
       Kick              |    11 |    29 ||    40
Throw: Javelin           |       |     4 ||     4
Invok: Depart the Abyss  |     1 |       ||     1
  Use: Scroll            |     5 |     3 ||     8
       Potion            |       |     1 ||     1
  Eat: Chunk             |     2 |     6 ||     8
Armor: Leather armour    |    40 |       ||    40
       Chain mail        |     7 |    78 ||    85
Dodge: Dodged            |    40 |    31 ||    71
Block: Buckler           |     2 |    14 ||    16

Table legend:
 A = Non-vault XP
 B = Vault XP
 C = Vault XP percentage of total XP
 D = Non-vault monster count
 E = Vault monster count
 F = Vault count percentage of total count
                 A         B        C        D         E       F
            +---------+---------+-------+---------+---------+-------
      Total |     670 |      17 |   2.5 |      59 |       8 |  11.9
            +---------+---------+-------+---------+---------+-------
        D:1 |      28 |       0 |   0.0 |      20 |       0 |   0.0
        D:2 |     107 |       5 |   4.5 |      20 |       3 |  13.0
        D:3 |      53 |       0 |   0.0 |       8 |       0 |   0.0
        D:4 |     482 |      12 |   2.4 |      11 |       5 |  31.2
            +---------+---------+-------+---------+---------+-------
